AoeStats
← 白鹿城拉车车

Oasis

507714321Analyzed
4v4 RM · 13d ago on Sep 19, 2026· 22m 55s· 8 players
Game mode
Random Map
Map size
Large (8 player)
Population
200
Speed
Normal
Resources
Standard
Victory
Conquest
Starting age
Dark Age
Ending age
Imperial Age
RankedLock teamsTeams togetherTeam positionsShared explorationLock speedFull tech treeHidden civsTurbo modeCheats
Victory
Defeat
🇦🇺 Maya · Australia
1353
+15
🇮🇳 Huns · India
1344
+16
🇦🇺 Bohemians · Australia
1339
+16
🇦🇷 Turks · Argentina
1310
+17
🇹🇼 Vietnamese · Taiwan
1369
-17
🇨🇳 Malay · China
1365
-17
🇭🇰 Britons · Hong Kong SAR China
1336
-16
🇭🇰 Poles · Hong Kong SAR China
1278
-14
Hodor
6:42 Loom
9:30 Feudal Age
10:14 Horse Collar
10:22 Double-Bit Axe
21:08 Scale Barding Armor
_HerculePoirot_
7:37 Loom
9:47 Feudal Age
10:22 Double-Bit Axe
10:28 Horse Collar
13:49 Horse Collar
14:36 Forging
20:37 Castle Age
19:15 Bloodlines
21:11 Scale Barding Armor
21:01 Gold Mining
22:16 Bow Saw
23:05 Gold Shaft Mining
Silver_Storm
0:32 Loom
9:54 Feudal Age
13:26 Double-Bit Axe
15:19 Fletching
20:13 Castle Age
19:28 Padded Archer Armor
20:40 Crossbowman
21:31 Thumb Ring
23:20 Gold Mining
Railbuilder
7:18 Loom
10:43 Feudal Age
15:26 Double-Bit Axe
15:23 Horse Collar
19:45 Castle Age
18:07 Fletching
19:53 Crossbowman
22:22 Bow Saw
poor guy
6:53 Loom
10:02 Feudal Age
11:37 Double-Bit Axe
19:54 Castle Age
20:51 Scale Barding Armor
22:16 Bow Saw
AI (HD Version)
6:25 Loom
9:20 Feudal Age
10:09 Double-Bit Axe
12:58 Fletching
13:42 Horse Collar
21:37 Castle Age
20:16 Stone Mining
20:16 Gold Mining
21:41 Crossbowman
22:18 Bodkin Arrow
腿短雞雞長
6:42 Loom
9:27 Feudal Age
10:26 Double-Bit Axe
14:23 Horse Collar
17:24 Padded Archer Armor
17:16 Fletching
白鹿城拉车车
10:52 Feudal Age
14:13 Castle Age
12:24 Double-Bit Axe
12:58 Horse Collar
14:24 Bow Saw
15:04 Loom
22:57 Husbandry
Connection lost

Rejoining the realm…

Still unreachable

The connection could not be restored.

Session expired

The server has moved on; the page needs a fresh start.